 Dungeon Crawl Stone Soup version 0.20-a0-522-g0b37eee (webtiles) character file.

5504 terra52 the Fighter (level 11, -9/92 HPs)
             Began as a Formicid Fighter on Jan 26, 2017.
             Was an Initiate of Ru.
             Mangled by a catoblepas (11 damage)
             ... on level 8 of the Dungeon.
             The game lasted 00:31:50 (7284 turns).

terra52 the Fighter (Formicid Fighter)              Turns: 7284, Time: 00:31:50

Health: -9/92      AC: 10    Str: 23    XL:     11   Next: 1%
Magic:  11/11      EV:  2    Int:  9    God:    Ru [......]
Gold:   384        SH:  0    Dex: 10    Spells: 10/10 levels left

rFire    . . .     SeeInvis +   U - +3 scimitar (freeze)
rCold    . . .     Gourm    .   D - +0 troll leather armour {Purgy}
rNeg     + + +     Faith    .   c - +0 shield
rPois    ∞         Spirit   .   (helmet unavailable)
rElec    .         Reflect  .   N - +2 cloak
rCorr    .         Harm     .   n - +0 pair of gloves
MR       +....                  G - +0 pair of boots
Stlth    +++.......             (no amulet)
Regen    0.7/turn               q - ring of see invisible
                                g - +5 ring of evasion

@: petrified, very slightly contaminated, invisible
A: permanent stasis, dig shafts and tunnels, four strong arms, antennae 3
a: Dig, Shaft Self, Renounce Religion


You were on level 8 of the Dungeon.
You worshipped Ru.
Ru was noncommittal.
You were hungry.

You visited 2 branches of the dungeon, and saw 9 of its levels.

You collected 384 gold pieces.

Inventory:

Hand Weapons
 i - a +3 long sword of freezing
 j - a +2 hand axe of freezing
 o - a +0 longbow
 E - a +2 war axe of chopping
 U - a +3 scimitar of freezing (weapon)
Missiles
 k - 17 tomahawks
 m - 129 bolts
 t - 137 arrows
 z - 3 tomahawks of dispersal
 S - 2 javelins (quivered)
Armour
 b - a +0 scale mail
 c - a +0 shield (worn)
 n - a +0 pair of gloves (worn)
 r - a +1 leather armour of fire resistance
 A - a +0 chain mail
 D - a +0 troll leather armour (worn) {Purgy}
 G - a +0 pair of boots (worn)
 N - a +2 cloak (worn)
Jewellery
 g - a +5 ring of evasion (left hand)
 q - a ring of see invisible (right hand)
Wands
 l - a wand of iceblast (5/15)
 u - a wand of iceblast (6/15)
 J - a wand of disintegration (5/24)
 O - a wand of confusion (30/48)
 P - a wand of enslavement (13/24)
Scrolls
 s - 2 scrolls of teleportation
 y - 2 scrolls of magic mapping
 M - a scroll of vulnerability {unknown}
 R - a scroll of remove curse
Potions
 e - 3 potions of cancellation
 h - 3 potions of magic
 p - 2 potions of haste
 v - a potion of lignification {unknown}
 B - a potion of ambrosia
 C - 2 potions of brilliance
 F - a potion of invisibility
 H - 2 potions of agility
 K - 3 potions of curing
 L - 2 potions of cure mutation {unknown}
Books
 w - the Collected Works on Augmentations and Intoxication
   (You found it on level 8 of the Dungeon)

   Spells                             Type                      Level
   a - Sting                          Conjuration/Poison           1
   b - Regeneration                   Charms/Necromancy            3
   c - Ozocubu's Armour               Charms/Ice                   3
   d - Excruciating Wounds            Charms/Necromancy            5
   e - Deflect Missiles               Charms/Air                   6
 T - a book of Flames

   Spells                             Type                      Level
   a - Flame Tongue                   Conjuration/Fire             1
   b - Throw Flame                    Conjuration/Fire             2
   c - Conjure Flame                  Conjuration/Fire             3
   d - Inner Flame                    Hexes/Fire                   3
   e - Sticky Flame                   Conjuration/Fire             4
   f - Fireball                       Conjuration/Fire             5
Comestibles
 f - 6 bread rations
 x - 4 meat rations
 I - 5 royal jellies
 V - 2 chunks of flesh


   Skills:
 * Level 10.5 Fighting
 - Level 2.0(2.1) Axes
   Level 1.0(1.6) Polearms
 + Level 0.4 Bows
 + Level 0.6 Throwing
 + Level 6.3 Armour
 + Level 5.5 Dodging
 * Level 7.4 Stealth
 - Level 10.0 Shields
 + Level 0.2 Evocations


You had 10 spell levels left.
You didn't know any spells.

Dungeon Overview and Level Annotations

Branches:
Dungeon (8/15)             Temple (1/1) D:7
   Lair: D:8-11

Altars:
Ashenzari
Cheibriados
Dithmenos
Elyvilon
Fedhas
Gozag
Hepliaklqana
Makhleb
Nemelex Xobeh
Okawaru
Qazlal
Ru
Sif Muna
Trog
Uskayaw
Xom
Yredelemnul
Zin
The Shining One


Innate Abilities, Weirdness & Mutations

You cannot be hasted, slowed, berserked, paralysed or teleported.
You can dig through walls and to a lower floor.
Your four strong arms can wield two-handed weapons with a shield.
You have a pair of large antennae on your head. (SInv)


Message History

You turn to flesh and can move again.
You are engulfed in calcifying dust.
You are slowing down.
You fade into invisibility!
The catoblepas closely misses you.
You are very lightly contaminated with residual magic.
Your limbs are stiffening.
Okay, then.
Okay, then.
You have turned to stone.
The catoblepas roars fiercely, eyes lowered.
The catoblepas gores you!
* * * LOW HITPOINT WARNING * * *
The catoblepas gores you but does no damage. x2
The catoblepas gores you!!
* * * LOW HITPOINT WARNING * * *
The catoblepas gores you!
* * * LOW HITPOINT WARNING * * *
The catoblepas gores you!!
You die...

.....#####.......##
.#.#........#..### {
.#.######..<......
######
.#.#.......###.###
#(≈.(#
##.#.............#
####)####
..#..........#..#
#.##.##.#
###..........#..#
#≈§.≈.{{.
............#..#
#[##.##.#
.........#####@#
#####.##.#### .........#
#Y####.≈(###.≈.#
.........#
###.##.##.#####.####
.........#
#...##.##.##.##.##.#
##########
#.#.##§).)..≈..≈..≈#
#.#.##.##.##.##.##.#
#####.#.#####.#####.##)#
........## #.≈.##..≈.###
#####.#..####.########


You could see a catoblepas.

Vanquished Creatures
  A centaur warrior (D:8)
  Joseph (D:7)
  Maurice (D:8)
  Psyche (D:8)
  A yak (D:6)
  The ghost of terra52 the Skirmisher, an amateur CeWr (D:4)
  A hungry ghost (D:8)
  Menkaure (D:6)
  Purgy (D:3)
  2 ice beasts (D:8)
  4 orc warriors
  A phantom (D:4)
  The ghost of terra52 the Grasshopper, an amateur NaWr (D:3)
  2 black bears
  2 sky beasts
  3 ogres
  2 centaurs
  3 bullfrogs
  Blork the orc (D:6)
  A scorpion (D:8)
  A water moccasin skeleton (D:7)
  9 wights
  4 howler monkeys
  2 jellies (D:6)
  2 crimson imps
  A centaur zombie (D:8)
  4 orc priests
  A hound (D:5)
  5 orc wizards
  A bullfrog skeleton (D:6)
  2 iguanas
  Terence (D:3)
  3 worker ants
  A killer bee zombie (D:8)
  2 hound skeletons
  A howler monkey zombie (D:4)
  A gnoll (D:3)
  8 adders
  2 adder skeletons (D:7)
  5 worms
  A dart slug (D:1)
  5 leopard geckos
  31 orcs
  6 giant cockroaches
  5 goblins
  3 hobgoblins
  3 quokkas
  2 ball pythons
  8 bats
  4 frilled lizards
  A jackal skeleton (D:7)
  13 kobolds
  A quokka skeleton (D:8)
  6 rats
176 creatures vanquished.

Notes
Turn   | Place    | Note
-------+----------+-------------------------------------------
     0 | D:1      | terra52 the Formicid Fighter began the quest for the Orb.
     0 | D:1      | Reached XP level 1. HP: 18/18 MP: 1/1
   176 | D:1      | Reached XP level 2. HP: 25/25 MP: 2/2
   571 | D:1      | Reached XP level 3. HP: 21/30 MP: 3/3
  1065 | D:2      | Reached XP level 4. HP: 25/37 MP: 4/4
  1315 | D:2      | Found a shimmering altar of Xom.
  1466 | D:2      | Found a shadowy altar of Dithmenos.
  1941 | D:3      | Noticed terra52's ghost (amateur NaWr)
  1945 | D:3      | Noticed Terence
  1958 | D:3      | Killed terra52's ghost
  1958 | D:3      | Reached skill level 5 in Fighting
  1958 | D:3      | Reached skill level 1 in Stealth
  1958 | D:3      | Reached skill level 5 in Shields
  1958 | D:3      | Reached XP level 5. HP: 23/44 MP: 5/5
  2176 | D:3      | Killed Terence
  2176 | D:3      | Reached XP level 6. HP: 39/51 MP: 6/6
  2372 | D:3      | Reached skill level 1 in Dodging
  2377 | D:3      | Noticed Purgy
  2412 | D:3      | Killed Purgy
  2658 | D:4      | Reached XP level 7. HP: 38/56 MP: 7/7
  2659 | D:4      | Noticed terra52's ghost (amateur CeWr)
  2749 | D:4      | Killed terra52's ghost
  2749 | D:4      | Reached skill level 5 in Armour
  2847 | D:4      | Found a deep blue altar of Sif Muna.
  3016 | D:4      | Found a snail-covered altar of Cheibriados.
  3578 | D:4      | Reached XP level 8. HP: 65/65 MP: 8/8
  3786 | D:5      | Entered Level 5 of the Dungeon
  3799 | D:5      | Found a stormy altar of Qazlal.
  3878 | D:5      | Found a sparkling altar of Nemelex Xobeh.
  4394 | D:6      | Noticed Blork the orc
  4409 | D:6      | Killed Blork the orc
  4492 | D:6      | Found a basalt altar of Yredelemnul.
  4566 | D:6      | Found a burning altar of Makhleb.
  4618 | D:6      | Noticed Menkaure
  4627 | D:6      | Killed Menkaure
  4627 | D:6      | Reached skill level 1 in Polearms
  4720 | D:6      | Noticed a yak
  4728 | D:6      | Killed a yak
  4728 | D:6      | Reached XP level 9. HP: 40/73 MP: 9/9
  5026 | D:6      | Reached skill level 5 in Stealth
  5437 | D:7      | Found a shattered altar of Ashenzari.
  5804 | D:7      | Noticed Joseph
  5814 | D:7      | Killed Joseph
  5814 | D:7      | Reached XP level 10. HP: 82/83 MP: 10/10
  5959 | D:7      | Found a staircase to the Ecumenical Temple.
  5992 | Temple   | Entered the Ecumenical Temple
  6347 | Temple   | Became a worshipper of the Shining One
  6560 | D:8      | Noticed Psyche
  6570 | D:8      | Killed Psyche
  6651 | D:8      | Found a sacrificial altar of Ru.
  6664 | D:8      | Fell from the grace of the Shining One
  6664 | D:8      | Became a worshipper of Ru the Awakened
  6676 | D:8      | Reached skill level 10 in Fighting
  6733 | D:8      | Noticed Maurice
  6781 | D:8      | Killed Maurice
  6781 | D:8      | Reached skill level 5 in Dodging
  6905 | D:8      | Identified the Collected Works on Augmentations and Intoxication
  7126 | D:8      | Noticed a centaur warrior
  7133 | D:8      | Killed a centaur warrior
  7133 | D:8      | Reached skill level 10 in Shields
  7133 | D:8      | Reached XP level 11. HP: 73/92 MP: 11/11
  7161 | D:8      | Noticed a catoblepas
  7223 | D:8      | Noticed a centaur warrior
  7283 | D:8      | HP: 1/92 [catoblepas (8)]
  7284 | D:8      | Mangled by a catoblepas

Vault maps used:
D:1:      enne_arrival_octagon_isle
D:2:      xom_butterflies, marbit_many_paths, first_bread,
          minmay_misc_feat_square
D:3:      uniq_purgy, uniq_terence
D:4:      black_bear_nest_1, tgw_sif, cheibriados_altar_1,
          serial_co_window_serial, co_window_paths_a, co_window_cross_1,
          co_window_paths_a, co_window_paths_a, co_window_of_opportunity_a,
          co_window_corner_cb, co_window_unsneaky_path_e, co_window_broadway_b,
          co_window_corner_b, glass_columns_c, glass_columns_b, glass_columns_a,
          glass_columns_a, grunt_decor_cap
D:5:      cheibrodos_quashed, overflow_temple_1_default,
          nemelex_xobeh_ov_fountains_minmay, minmay_misc_feat_roman
D:6:      overflow_temple_1_default, lemuel_crystal_altar, grunt_ministairs_15,
          kennysheep_generic_room_10, uniq_menkaure, uniq_blork_the_orc
D:7:      lemuel_round_altar, lemuel_temple_firewalk_a, uniq_joseph
D:8:      hangedman_cross_veins, nicolae_ru_sacrificial_ziggurat, basic_altar,
          hangedman_ranch, uniq_psyche, uniq_maurice
Temple:   compressed_dpeg_triangle_lava_temple

Skill      XL: |  1  2  3  4  5  6  7  8  9 10 |
---------------+-------------------------------+-----
Fighting       | 4 5 6 7 9 10 | 10.5
Shields        | 4 5 6 7 8 10 | 10.0
Armour         | 4 5 6 |  6.3
Stealth        | 1 3 5 7 |  7.4
Dodging        | 1 2 4 5 |  5.5
Polearms       | 1 |  1.0
Axes           | |  2.0
Bows           | |  0.4
Throwing       | |  0.6
Evocations     | |  0.2

Action                   |  1- 3 |  4- 6 |  7- 9 | 10-12 || total
-------------------------+-------+-------+-------+-------++-------
Melee: War axe           |    89 |   141 |   156 |   151 ||   537
       Glaive            |       |       |   176 |       ||   176
       Scimitar          |       |       |       |     3 ||     3
 Fire: Shortbow          |       |       |       |     3 ||     3
Throw: Javelin           |       |     2 |       |     2 ||     4
Evoke: Wand              |       |       |       |     2 ||     2
  Use: Potion            |       |     1 |     1 |     2 ||     4
       Scroll            |       |       |    18 |       ||    18
 Stab: Sleeping          |       |       |     3 |     1 ||     4
       Distracted        |       |       |       |     1 ||     1
  Eat: Chunk             |     1 |     5 |    11 |     5 ||    22
Armor: Scale mail        |    41 |    52 |       |       ||    93
       Chain mail        |       |    51 |       |       ||    51
       Troll leather arm |       |     2 |    76 |    29 ||   107
Dodge: Dodged            |    33 |    69 |   175 |   111 ||   388
Block: Shield            |    61 |   111 |   219 |   122 ||   513
